 Dungeon Crawl Stone Soup version 0.19.5 (webtiles) character file.

726 equalderp2856 the Slasher (level 7, -6/54 HPs)
             Began as a Mummy Fighter on Mar 30, 2017.
             Shot with an arrow by a centaur (13 damage)
             ... on level 6 of the Dungeon.
             The game lasted 00:17:49 (6487 turns).

equalderp2856 the Slasher (Mummy Fighter)           Turns: 6487, Time: 00:17:49

Health: -6/54      AC:  5    Str: 20    XL:     7   Next: 44%
Magic:  7/7        EV: 10    Int:  8    God:
Gold:   220        SH:  9    Dex: 12    Spells: 0 memorised, 6 levels left

rFire  x . .     SeeInvis .     a - +0 long sword
rCold  + . .     Gourm    .     l - +0 robe
rNeg   + + +     Faith    .     c - +0 shield
rPois  ∞         Spirit   .     (no helmet)
rElec  .         Reflect  .     n - +1 cloak
rCorr  .         Harm     .     D - +0 pair of gloves
MR     .....                    (no boots)
Stlth  +.........               (no amulet)
                                (no ring)
                                (no ring)

@: no status effects
A: no food or potions, fire vulnerability, cold resistance 1, negative energy
resistance 3, torment resistance, unbreathing
a: no special abilities


You were on level 6 of the Dungeon.
You were not hungry.

You visited 1 branch of the dungeon, and saw 6 of its levels.

You collected 221 gold pieces.
You spent 1 gold pieces at shops.

Inventory:

Hand Weapons
 a - a +0 long sword (weapon)
 k - a +0 short sword
 u - a +0 hunting sling
 x - a +0 trident
 C - a +0 spear
 E - a +0 hunting sling
 G - a +0 short sword
 H - a +0 hunting sling
Missiles
 i - 50 bolts
 j - 168 stones (quivered)
 m - 128 arrows
 w - 19 sling bullets
 B - 2 tomahawks
Armour
 b - a +0 scale mail
 c - a +0 shield (worn)
 l - a +0 robe (worn)
 n - a +1 cloak (worn)
 q - a +0 pair of gloves
 r - a +0 robe
 A - a +1 plate armour of magic resistance
 D - a +0 pair of gloves (worn)
 F - a +0 cloak
Jewellery
 p - an uncursed ring of positive energy
 s - an uncursed amulet of inaccuracy
Scrolls
 e - a scroll of remove curse
 f - a scroll of amnesia
 g - a scroll of immolation {unknown}
 h - a scroll of enchant armour {unknown}
 o - a scroll of identify {unknown}
 t - a scroll of fog {unknown}
 v - a scroll of enchant weapon {unknown}
 y - 3 scrolls of magic mapping {unknown}
 z - a scroll of recharging {unknown}


   Skills:
 + Level 4.2 Fighting
 + Level 4.3 Long Blades
 + Level 3.9 Armour
 + Level 1.9 Dodging
 + Level 0.3 Stealth
 + Level 3.8 Shields


You had 6 spell levels left.
You didn't know any spells.

Dungeon Overview and Level Annotations

Branches:
Dungeon (6/15)
 Temple: D:4-7

Altars:
Makhleb
Vehumet
Xom

Shops:
D:5 (

Annotations:
D:6 Edmund


Innate Abilities, Weirdness & Mutations

You do not eat or drink.
Your flesh is vulnerable to fire.
You are immune to poison.
Your flesh is cold resistant. (rC+)
You are immune to negative energy. (rN+++)
You are immune to unholy pain and torment.
You can survive without breathing.


Message History

You slash the orc wizard!
You kill the orc wizard!
The bullfrog hits you.
* * * LOW HITPOINT WARNING * * *
You closely miss the bullfrog. The bullfrog barely misses you.
You block the bullfrog's attack. The bullfrog closely misses you.
You see here a falchion.
As you read the scroll of teleportation, it crumbles to dust.
You feel strangely unstable. You block the bullfrog's attack.
The bullfrog barely misses you.
You riposte.
You slash the bullfrog!
The bullfrog is moderately wounded.
Things that are here:
a club; a leather armour Your surroundings suddenly seem different.
Found 13 gold pieces.
The centaur shouts!
Edmund shouts!
The centaur shoots an arrow.
The arrow hits you!
You die...

#### #### #..
..... #.##.$.##
####........
#..@........
#.##........
.........#...##
####.##..# ..#
#. #..# ##
##.##c.#
##...#..####
##......@....
##............


You could see Edmund and a centaur.

Vanquished Creatures
  A phantom (D:4)
  A bullfrog (D:3)
  A howler monkey (D:4)
  3 crimson imps
  A bullfrog zombie (D:5)
  A gnoll shaman (D:5)
  2 hounds
  An orc wizard (D:6)
  An orc priest (D:6)
  A centaur skeleton (D:5)
  An iguana (D:5)
  8 gnolls (D:5)
  4 adders
  An adder skeleton (D:5)
  3 worms
  A dart slug (D:1)
  6 leopard geckos
  3 orcs
  6 bats
  4 giant cockroaches
  8 hobgoblins
  4 jackals (D:4)
  A ball python (D:2)
  7 frilled lizards
  7 goblins
  6 kobolds
  3 rats
86 creatures vanquished.

Vanquished Creatures (others)
  A fungus (D:6)
1 creature vanquished.

Grand Total: 87 creatures vanquished

Notes
Turn   | Place    | Note
-------+----------+-------------------------------------------
     0 | D:1      | equalderp2856 the Mummy Fighter began the quest for the Orb.
     0 | D:1      | Reached XP level 1. HP: 18/18 MP: 1/1
    75 | D:1      | Reached XP level 2. HP: 24/24 MP: 2/2
  1248 | D:2      | Reached XP level 3. HP: 24/29 MP: 3/3
  2393 | D:3      | Reached XP level 4. HP: 37/37 MP: 4/4
  2407 | D:3      | Noticed a bullfrog
  2418 | D:3      | Killed a bullfrog
  2418 | D:3      | Reached XP level 5. HP: 35/42 MP: 5/5
  2592 | D:3      | Found a burning altar of Makhleb.
  2592 | D:3      | Found a radiant altar of Vehumet.
  3186 | D:4      | Noticed an ogre
  3187 | D:4      | Reached skill level 1 in Dodging
  3187 | D:4      | Reached XP level 6. HP: 24/48 MP: 6/6
  4108 | D:5      | Entered Level 5 of the Dungeon
  4135 | D:5      | Found a shimmering altar of Xom.
  4236 | D:5      | Found a shimmering altar of Xom.
  4236 | D:5      | Found a shimmering altar of Xom.
  4236 | D:5      | Found a shimmering altar of Xom.
  4237 | D:5      | Found a shimmering altar of Xom.
  4238 | D:5      | Found a shimmering altar of Xom.
  4594 | D:5      | Found Imakicux's Weapon Shop.
  4703 | D:5      | Reached XP level 7. HP: 42/54 MP: 7/7
  4971 | D:5      | Bought a cursed -3 hand axe for 1 gold piece
  5933 | D:4      | 4
  6054 | D:6      | Noticed a hill giant
  6259 | D:6      | Noticed Edmund
  6487 | D:6      | Shot with an arrow by a centaur

Skill      XL: |  1  2  3  4  5  6  7 |
---------------+----------------------+-----
Long Blades    | 2 3 4 |  4.3
Shields        | 3 |  3.8
Armour         | 3 |  3.9
Dodging        | 1 |  1.9
Fighting       | 4 |  4.2
Stealth        | |  0.3

Action                   |  1- 3 |  4- 6 |  7- 9 || total
-------------------------+-------+-------+-------++-------
Melee: Long sword        |   140 |   246 |    74 ||   460
 Fire: Hunting sling     |       |       |     2 ||     2
  Use: Scroll            |     2 |       |     3 ||     5
Armor: Scale mail        |    65 |   114 |       ||   179
       Plate armour      |       |    13 |     4 ||    17
       Robe              |       |       |    13 ||    13
Dodge: Dodged            |    44 |    83 |    29 ||   156
Block: Shield            |   103 |   141 |    47 ||   291
       Rpst.: Long sword |    17 |    30 |    11 ||    58
